 Dungeon Crawl Stone Soup version 0.31-a0-854-g362426d53f (webtiles) character file.

Game seed: 15163106270596186984

148 dmks the Slasher (level 5, -1/46 HPs)
             Began as a Minotaur Gladiator on Oct 8, 2023.
             Slain by an orc wizard
             ... wielding a +0 dagger
              (3 damage)
             ... on level 3 of the Dungeon.
             The game lasted 00:05:16 (1834 turns).

dmks the Slasher (Minotaur Gladiator)               Turns: 1834, Time: 00:05:16

Health: -1/46      AC:  3    Str: 20    XL:     5   Next: 8%
Magic:  4/4        EV: 13    Int:  5    God:
Gold:   176        SH:  0    Dex: 12    Spells: 4/4 levels left

rFire   . . .        t - +0 war axe
rCold   . . .        (no shield)
rNeg    . . .        b - +0 leather armour
rPois   .            c - +0 hat
rElec   .            (no cloak)
rCorr   .            (no gloves)
SInv    .            (no boots)
Will    .....        (no amulet)
Stlth   +            (no ring)
HPRegen 0.27/turn    (no ring)
MPRegen 0.09/turn

%: clarity
@: no status effects
A: horns 2, retaliatory headbutt, clarity
a: no special abilities


You were on level 3 of the Dungeon.
You visited 1 branch of the dungeon, and saw 3 of its levels.

You collected 176 gold pieces.

Inventory:

Hand Weapons
 a - a +0 long sword
 t - a +0 war axe (weapon)
   (You found it on level 3 of the Dungeon)
Missiles
 d - 3 throwing nets (quivered) {!f}
 e - a javelin
Armour
 b - a +0 leather armour (worn)
 c - a +0 hat (worn)
 f - a +0 pair of boots
   (You found it on level 1 of the Dungeon)
 i - a +0 robe
   (You found it on level 2 of the Dungeon)
 l - a +0 leather armour
   (You found it on level 3 of the Dungeon)
 m - a +0 leather armour
   (You took it off an orc on level 3 of the Dungeon)
 n - a +0 leather armour
   (You took it off an orc on level 3 of the Dungeon)
 o - a +0 leather armour
   (You took it off an orc priest on level 3 of the Dungeon)
Scrolls
 k - a scroll of poison {!r}
 q - a scroll of vulnerability {!r}
Potions
 g - a potion of might
 h - a potion of brilliance {unknown}
 j - a potion of curing {unknown}
 p - a potion of resistance {unknown}
 r - a potion of cancellation {unknown}


   Skills:
 * Level 4.1 Fighting
 - Level 4.3 Long Blades
 * Level 0.1 Axes
 - Level 2.0 Throwing
 * Level 3.1 Armour
 + Level 4.0 Dodging


You had 4 spell levels left.
You didn't know any spells.
Your spell library contained the following spells:

 Spells                   Type           Power      Damage    Failure   Level
 Sandblast                Erth           0%         2d4       52%         1
 Passwall                 Tmut/Erth      0%         N/A       67%         2
 Stone Arrow              Conj/Erth      0%         3d7       88%         3
 Animate Dead             Necr           0%         N/A       99%         4
 Brom's Barrelling Bould  Conj/Erth      0%         2d3       99%         4
 Haunt                    Necr/Summ      0%         N/A       100%        7
 Infestation              Necr           0%         N/A       100%        8


Dungeon Overview and Level Annotations

Branches:
Dungeon (3/15)

Altars:
Hepliaklqana
Yredelemnul


Innate Abilities, Weirdness & Mutations

You have a pair of horns on your head.
You reflexively headbutt those who attack you in melee.
You possess an exceptional clarity of mind.


Message History

You slash the orc!
You kill the orc!
You miss something. Something hits you.
You barely miss the hobgoblin.
You headbutt the hobgoblin, but do no damage.
You miss something. The hobgoblin hits you. Something hits you.
Something hits you. The hobgoblin hits you.
* * * LOW HITPOINT WARNING * * *
You hit the hobgoblin but do no damage. You hit something but do no damage.
The hobgoblin misses you. Something hits you.
* * * LOW HITPOINT WARNING * * *
You barely miss the hobgoblin. You miss something.
The hobgoblin closely misses you. Something hits you but does no damage.
An orc comes into view. It is wielding a +0 dagger.
Something hits you.
* * * LOW HITPOINT WARNING * * *
The hobgoblin hits you but does no damage.
It was a potion of mutation.
You feel extremely strange.
Your thoughts seem clearer.
The hobgoblin hits you.
* * * LOW HITPOINT WARNING * * *
Something hits you.
* * * LOW HITPOINT WARNING * * *
There are monsters nearby!
You slash the hobgoblin!
You kill the hobgoblin!
You closely miss something. Something hits you.
* * * LOW HITPOINT WARNING * * *
You barely miss the orc. You headbutt the orc! You miss something.
You hear some strange, mumbled words.
A puff of flame appears from out of thin air!
The puff of flame hits you!
* * * LOW HITPOINT WARNING * * *
The orc hits you with a +0 dagger.
* * * LOW HITPOINT WARNING * * *
Something hits you but does no damage. The orc closely misses you.
You furiously retaliate!
You headbutt the orc!
You kill the orc!
Your Dodging skill increases to level 4!
You closely miss something. Your headbutt misses something.
An orc wizard appears from thin air!
Reactivating autopickup.
The orc wizard hits you with a +0 dagger.
You die...

#..####. #####......
##......###. #..#....#
#. ###+###'###'### #.
####+##..#.......#..# #.
#...$.#..#.......#..###.
#.....)o.'###'###'..+...
#.....#@.#.'...'.#..###.
#.... #..#.#...#.#..####
#.go +##+.#._.#.'##'.#.
#.o #.#...#.#..#... #.
#.+...+.#..###. #
+###+###+..+ #† #..# #.
#..# #. +### #.


You could see an orc wizard.

Vanquished Creatures
  An orc priest (D:3)
  A hound zombie (D:3)
  4 adders
  4 worms
  A dart slug (D:1)
  6 orcs (D:3)
  7 ball pythons
  4 bats
  6 endoplasms
  2 giant cockroaches (D:2)
  5 goblins
  3 hobgoblins
  2 frilled lizards
  A giant cockroach zombie (D:3)
  A kobold (D:1)
  4 rats
52 creatures vanquished.

Notes
Turn   | Place    | Note
-------+----------+-------------------------------------------
     0 | D:1      | dmks the Minotaur Gladiator began the quest for the Orb.
     0 | D:1      | Reached XP level 1. HP: 18/18 MP: 0/0
   118 | D:1      | Reached skill level 1 in Armour
   119 | D:1      | Reached XP level 2. HP: 24/25 MP: 1/1
   764 | D:2      | Reached XP level 3. HP: 24/31 MP: 2/2
  1304 | D:3      | Reached XP level 4. HP: 32/39 MP: 3/3
  1624 | D:3      | Found a basalt altar of Yredelemnul.
  1701 | D:3      | Reached XP level 5. HP: 46/46 MP: 4/4
  1731 | D:3      | Found a hazy altar of Hepliaklqana.
  1831 | D:3      | Gained mutation: You possess an exceptional clarity of
                  | mind. [potion of mutation]
  1833 | D:3      | HP: 2/46 [orc/+0 dagger (2)]
  1834 | D:3      | Slain by an orc wizard

Illustrated notes

Levels and vault maps discovered:
D:1:      dpeg_arrival_tiny_a, layout_loops_ring, amcnicky_mini_pool_small
D:2:      layout_basic, hex_intersection
D:3:      layout_basic, mainiacjoe_overflow_24_doors, mainiacjoe_overflow_swirl,
          nicolae_yredelemnul_corpse_copse

Skill      XL: |  1  2  3  4  5 |
---------------+----------------+-----
Armour         | 1 2 3 |  3.1
Fighting       | 3 4 |  4.1
Long Blades    | 4 |  4.3
Dodging        | 4 |  4.0
Axes           | |  0.1
Throwing       | |  2.0

Action                     |  1- 3 |  4- 6 || total
---------------------------+-------+-------++-------
  Melee: Long sword        |    59 |    35 ||    94
         Headbutt          |    12 |    12 ||    24
         Punch             |     1 |       ||     1
         War axe           |       |    15 ||    15
    Use: Scroll            |     3 |       ||     3
         Potion            |       |     2 ||     2
   Stab: Sleeping          |     1 |       ||     1
 Armour: Leather armour    |    31 |    42 ||    73
  Dodge: Dodged            |    42 |    30 ||    72

Table legend: (Time is in decaauts)
 A = Elapsed time spent in this place.
 B = Non-inter-level travel time spent in this place.
 C = Inter-level travel time spent in this place.
 D = Time resting spent in this place.
 E = Time spent auto-exploring this place.
 F = Levels seen in this place.
 G = Mean time per level.
                   A        B        C        D        E       F      G
               +--------+--------+--------+--------+--------+-----+--------+
         Total |   1859 |   1808 |     51 |    117 |   1319 |   3 |  619.7 |
       Dungeon |   1859 |   1808 |     51 |    117 |   1319 |   3 |  619.7 |
               +--------+--------+--------+--------+--------+-----+--------+

Top non-repeatable levels by time:
     D:1: 666 daAuts
     D:2: 605 daAuts
     D:3: 587 daAuts
